| TOP OF THE 1ST |
|
San Diego Padres batting - Pitching for Atlanta Braves : LHP Randy Lerch
|
|
Pitching: LHP Randy Lerch
|
|
|
Batting: RHB Bob Dernier
|
0-0: Called Strike 0-1: Ball 1-1: Foul Ball, location: 2F 1-2: Fly out, F8 (Flyball, 8LXD, EV 106.3 MPH)
|
|
Batting: RHB Joel Youngblood
|
0-0: Ground out 6-3 (Groundball, 6, EV 91.9 MPH)
|
|
Batting: RHB Dennis Dungy
|
0-0: Foul Ball, location: 2F 0-1: Ball 1-1: Foul Ball, location: 2F 1-2: Ball 2-2: Foul Ball, location: 2F 2-2: Ground out 6-3 (Groundball, 6, EV 82.5 MPH)
|
| Top of the 1st over - 0 runs, 0 hits, 0 errors, 0 left on base; San Diego 0 - Atlanta 0 |
| BOTTOM OF THE 1ST |
|
Atlanta Braves batting - Pitching for San Diego Padres : LHP Danny Arizola
|
|
Pitching: LHP Danny Arizola
|
|
|
Batting: LHB Brett Butler
|
0-0: Bunted foul 0-1: Ball 1-1: Ball 2-1: Ball 3-1: Base on Balls
|
|
Batting: LHB Leon Durham
|
0-0: Ball 1-0: Ball 2-0: Ball 3-0: Foul Ball, location: 2F Balk! Brett Butler to second 3-1: Base on Balls
|
|
Batting: SHB Tony Fernandez
|
0-0: Ball 1-0: Ball 2-0: Called Strike 2-1: Fielders Choice at 2nd, 3-6 (Groundball, 34, EV 79.4 MPH) Brett Butler to third
|
|
Batting: LHB Karl Pagel
|
0-0: Called Strike 0-1: Ball 1-1: Ball 2-1: Ball 3-1: Base on Balls Tony Fernandez to second
|
|
Batting: LHB Mike Scioscia
|
0-0: Ball 1-0: Foul Ball, location: 2F 1-1: Foul Ball, location: 2F 1-2: Ball 2-2: Foul Ball, location: 2F 2-2: Foul Ball, location: 2F 2-2: Fly out, F8 (Flyball, 8LD, EV 91.3 MPH) Runner from 3rd tags up, SCORES, throw by CF
|
|
Batting: LHB Mike Hargrove
|
0-0: Called Strike 0-1: Ball 1-1: Swinging Strike 1-2: Strikes out swinging
|
| Bottom of the 1st over - 1 run, 0 hits, 0 errors, 2 left on base; San Diego 0 - Atlanta 1 |
| TOP OF THE 2ND |
|
San Diego Padres batting - Pitching for Atlanta Braves : LHP Randy Lerch
|
|
Batting: RHB Kelvin Moore
|
0-0: Ball 1-0: Ball 2-0: Swinging Strike 2-1: Ball 3-1: Ground out 6-3 (Groundball, 6M, EV 91.3 MPH)
|
|
Batting: LHB Jerry McDonald
|
0-0: Called Strike 0-1: Ground out 5-3 (Groundball, 5L, EV 91.3 MPH)
|
|
Batting: RHB Heriberto Soltero
|
0-0: Ball 1-0: Called Strike 1-1: Foul Ball, location: 2F 1-2: Ball 2-2: Foul Ball, location: 2F 2-2: Strikes out swinging
|
| Top of the 2nd over - 0 runs, 0 hits, 0 errors, 0 left on base; San Diego 0 - Atlanta 1 |
| BOTTOM OF THE 2ND |
|
Atlanta Braves batting - Pitching for San Diego Padres : LHP Danny Arizola
|
|
Batting: SHB UL Washington
|
0-0: Ball 1-0: Foul Ball, location: 2F 1-1: Foul Ball, location: 2F 1-2: Ball 2-2: Ground out 4-3 (Groundball, 4, EV 80.6 MPH)
|
|
Batting: RHB Tom Veryzer
|
0-0: Ground out 4-3 (Groundball, 4, EV 97.5 MPH)
|
|
Batting: LHB Randy Lerch
|
0-0: Swinging Strike 0-1: Called Strike 0-2: Foul Ball, location: 2F 0-2: Ball 1-2: Strikes out swinging
|
| Bottom of the 2nd over - 0 runs, 0 hits, 0 errors, 0 left on base; San Diego 0 - Atlanta 1 |
| TOP OF THE 3RD |
|
San Diego Padres batting - Pitching for Atlanta Braves : LHP Randy Lerch
|
|
Batting: RHB Eddy Martinez
|
0-0: Ball 1-0: Fly out, F9 (Flyball, 9LM, EV 84.4 MPH)
|
|
Batting: LHB Jeffrey Zitek
|
0-0: Swinging Strike 0-1: Foul Ball, location: 2F 0-2: Ball 1-2: Ball 2-2: Ball 3-2: Strikes out looking
|
|
Batting: LHB Danny Arizola
|
0-0: Swinging Strike 0-1: Foul Ball, location: 2F 0-2: Ball 1-2: Strikes out swinging
|
| Top of the 3rd over - 0 runs, 0 hits, 0 errors, 0 left on base; San Diego 0 - Atlanta 1 |
| BOTTOM OF THE 3RD |
|
Atlanta Braves batting - Pitching for San Diego Padres : LHP Danny Arizola
|
|
Batting: LHB Brett Butler
|
0-0: Ball 1-0: Called Strike 1-1: Ball 2-1: Ball 3-1: Base on Balls
|
|
Batting: LHB Leon Durham
|
0-0: Ball 1-0: Called Strike 1-1: Ball 2-1: Ball 3-1: Called Strike 3-2: Foul Ball, location: 2F 3-2: Reached on error, E4 (Groundball, 4, EV 103.8 MPH) Brett Butler to second
|
|
Batting: SHB Tony Fernandez
|
0-0: Ball 1-0: Called Strike 1-1: Foul Ball, location: 2F 1-2: Grounds into double play, 5-4-3 (Groundball, 5, EV 100.0 MPH) Brett Butler to third
|
|
Batting: LHB Karl Pagel
|
0-0: Foul Ball, location: 2F 0-1: Called Strike 0-2: Ball 1-2: Foul Ball, location: 2F 1-2: Ball 2-2: Ball 3-2: Foul Ball, location: 2F 3-2: Fly out, F5 (Flyball, 5D, EV 90.0 MPH)
|
| Bottom of the 3rd over - 0 runs, 0 hits, 1 error, 1 left on base; San Diego 0 - Atlanta 1 |
| TOP OF THE 4TH |
|
San Diego Padres batting - Pitching for Atlanta Braves : LHP Randy Lerch
|
|
Batting: RHB Bob Dernier
|
0-0: Ball 1-0: Called Strike 1-1: Ground out 3-1 (Groundball, 34, EV 82.5 MPH)
|
|
Batting: RHB Joel Youngblood
|
0-0: DOUBLE (Line Drive, 7LS, EV 111.9 MPH)
|
|
Batting: RHB Dennis Dungy
|
0-0: Ball Joel Youngblood is caught stealing 3rd base 2-5 1-0: Ball 2-0: Ball 3-0: Called Strike 3-1: Called Strike 3-2: Strikes out swinging
|
| Top of the 4th over - 0 runs, 1 hit, 0 errors, 0 left on base; San Diego 0 - Atlanta 1 |
| BOTTOM OF THE 4TH |
|
Atlanta Braves batting - Pitching for San Diego Padres : LHP Danny Arizola
|
|
Batting: LHB Mike Scioscia
|
0-0: Ball 1-0: Called Strike 1-1: Foul Ball, location: 2F 1-2: Fly out, F7 (Flyball, 7S, EV 90.0 MPH)
|
|
Batting: LHB Mike Hargrove
|
0-0: Ball 1-0: Called Strike 1-1: Ball 2-1: Fly out, F7 (Flyball, 78S, EV 80.0 MPH)
|
|
Batting: SHB UL Washington
|
0-0: Called Strike 0-1: Fly out, F8 (Flyball, 8LM, EV 88.1 MPH)
|
| Bottom of the 4th over - 0 runs, 0 hits, 0 errors, 0 left on base; San Diego 0 - Atlanta 1 |
| TOP OF THE 5TH |
|
San Diego Padres batting - Pitching for Atlanta Braves : LHP Randy Lerch
|
|
Batting: RHB Kelvin Moore
|
0-0: Ball 1-0: Called Strike 1-1: SINGLE (Groundball, 56D, EV 105.0 MPH)
|
|
Batting: LHB Jerry McDonald
|
0-0: Called Strike 0-1: Foul Ball, location: 2F 0-2: Ball 1-2: SINGLE (Groundball, 3D, EV 106.9 MPH) Kelvin Moore to second Runner from 2nd tries for 3rd, OUT! 9-5
|
|
Batting: RHB Heriberto Soltero
|
0-0: Ball 1-0: Grounds into double play, 5-4-3 (Groundball, 56, EV 76.9 MPH)
|
| Top of the 5th over - 0 runs, 2 hits, 0 errors, 0 left on base; San Diego 0 - Atlanta 1 |
| BOTTOM OF THE 5TH |
|
Atlanta Braves batting - Pitching for San Diego Padres : LHP Danny Arizola
|
|
Batting: RHB Tom Veryzer
|
0-0: Ball 1-0: Ball 2-0: Swinging Strike 2-1: Called Strike 2-2: Fly out, F4 (Flyball, 4D, EV 93.1 MPH)
|
|
Batting: LHB Randy Lerch
|
0-0: Swinging Strike 0-1: Ball 1-1: Foul Ball, location: 2F 1-2: DOUBLE (Line Drive, 7LD, EV 106.3 MPH)
|
|
Batting: LHB Brett Butler
|
0-0: Ball 1-0: Fly out, F7 (Flyball, 7S, EV 73.1 MPH)
|
|
Batting: LHB Leon Durham
|
0-0: Called Strike 0-1: Ball 1-1: Ball 2-1: Foul Ball, location: 2F 2-2: Fly out, F7 (Flyball, 78M, EV 84.4 MPH)
|
| Bottom of the 5th over - 0 runs, 1 hit, 0 errors, 1 left on base; San Diego 0 - Atlanta 1 |
| TOP OF THE 6TH |
|
San Diego Padres batting - Pitching for Atlanta Braves : LHP Randy Lerch
|
|
Batting: RHB Eddy Martinez
|
0-0: Ground out U3 (Groundball, 34, EV 103.8 MPH)
|
|
Batting: LHB Jeffrey Zitek
|
0-0: Ground out 6-3 (Groundball, 6, EV 84.4 MPH)
|
|
Batting: LHB Danny Arizola
|
0-0: Ball 1-0: Ground out U3 (Groundball, 34, EV 85.0 MPH)
|
| Top of the 6th over - 0 runs, 0 hits, 0 errors, 0 left on base; San Diego 0 - Atlanta 1 |
| BOTTOM OF THE 6TH |
|
Atlanta Braves batting - Pitching for San Diego Padres : LHP Danny Arizola
|
|
Batting: SHB Tony Fernandez
|
0-0: Ground out 4-3 (Groundball, 4S, EV 66.3 MPH)
|
|
Batting: LHB Karl Pagel
|
0-0: Foul Ball, location: 2F 0-1: Ball 1-1: Ball 2-1: Ball 3-1: Foul Ball, location: 2F 3-2: Base on Balls
|
|
Batting: LHB Mike Scioscia
|
0-0: Foul Ball, location: 2F 0-1: Foul Ball, location: 2F 0-2: Foul Ball, location: 2F 0-2: Ball 1-2: Foul Ball, location: 2F 1-2: Fly out, F8 (Flyball, 78M, EV 88.8 MPH)
|
|
Batting: LHB Mike Hargrove
|
0-0: Ball 1-0: Foul Ball, location: 2F 1-1: SINGLE (Groundball, 34D, EV 98.8 MPH) Karl Pagel to second Karl Pagel to third
|
|
Batting: SHB UL Washington
|
0-0: SINGLE (Groundball, 4D, EV 99.4 MPH) Karl Pagel scores Mike Hargrove to second Runner from 2nd tries for 3rd, SAFE, no throw by CF
|
|
Batting: RHB Tom Veryzer
|
0-0: Fielders Choice at 2nd, 6-4 (Groundball, 6, EV 100.0 MPH)
|
| Bottom of the 6th over - 1 run, 2 hits, 0 errors, 2 left on base; San Diego 0 - Atlanta 2 |
| TOP OF THE 7TH |
|
San Diego Padres batting - Pitching for Atlanta Braves : LHP Randy Lerch
|
|
Batting: RHB Bob Dernier
|
0-0: Ball 1-0: Foul Ball, location: 2F 1-1: Foul Ball, location: 2F 1-2: Strikes out swinging
|
|
Batting: RHB Joel Youngblood
|
0-0: Ball 1-0: Called Strike 1-1: Swinging Strike 1-2: Strikes out swinging
|
|
Batting: RHB Dennis Dungy
|
0-0: Ball 1-0: Ball 2-0: Ball 3-0: Called Strike 3-1: Foul Ball, location: 2F 3-2: Base on Balls
|
|
Batting: RHB Kelvin Moore
|
0-0: Ball 1-0: Called Strike 1-1: Ball 2-1: Ball 3-1: Swinging Strike 3-2: 2-RUN HOME RUN (Flyball, 78XD, EV 95.6 MPH), Distance : 423 ft
|
|
Pitching: RHP Charlie Lea
|
|
|
Now at 3B: Gil Flores
|
|
|
Batting: LHB Jerry McDonald
|
0-0: Called Strike 0-1: Ground out 4-3 (Groundball, 34D, EV 101.9 MPH)
|
| Top of the 7th over - 2 runs, 1 hit, 0 errors, 0 left on base; San Diego 2 - Atlanta 2 |
| BOTTOM OF THE 7TH |
|
Atlanta Braves batting - Pitching for San Diego Padres : LHP Danny Arizola
|
|
Batting: RHB Gil Flores
|
0-0: Called Strike 0-1: Ball 1-1: Ball 2-1: Foul Ball, location: 2F 2-2: Foul Ball, location: 2F 2-2: Fly out, F9 (Flyball, 9S, EV 88.8 MPH)
|
|
Batting: LHB Brett Butler
|
0-0: Ball 1-0: Foul Ball, location: 2F 1-1: Ball 2-1: Foul Ball, location: 2F 2-2: Ball 3-2: Foul Ball, location: 2F 3-2: Base on Balls
|
|
Batting: LHB Leon Durham
|
0-0: Ball 1-0: Fielders Choice at 2nd, 5-4 (Groundball, 56, EV 91.9 MPH)
|
|
Batting: SHB Tony Fernandez
|
0-0: Foul Ball, location: 2F 0-1: Ball 1-1: Called Strike Leon Durham steals 2nd base 1-2: Fly out, F5 (Line Drive, 5, EV 61.9 MPH)
|
| Bottom of the 7th over - 0 runs, 0 hits, 0 errors, 1 left on base; San Diego 2 - Atlanta 2 |
| TOP OF THE 8TH |
|
San Diego Padres batting - Pitching for Atlanta Braves : RHP Charlie Lea
|
|
Batting: RHB Heriberto Soltero
|
0-0: Ball 1-0: Ball 2-0: SINGLE (Line Drive, 6D, EV 98.1 MPH)
|
|
Batting: RHB Eddy Martinez
|
0-0: Grounds into double play, 5-4-3 (Groundball, 5, EV 102.5 MPH)
|
|
Batting: LHB Jeffrey Zitek
|
0-0: Ball 1-0: Ball 2-0: Foul Ball, location: 2F 2-1: Ball 3-1: Called Strike 3-2: Foul Ball, location: 2F 3-2: Strikes out looking
|
| Top of the 8th over - 0 runs, 1 hit, 0 errors, 0 left on base; San Diego 2 - Atlanta 2 |
| BOTTOM OF THE 8TH |
|
Atlanta Braves batting - Pitching for San Diego Padres : LHP Danny Arizola
|
|
Batting: LHB Karl Pagel
|
0-0: Called Strike 0-1: Ball 1-1: Ball 2-1: Foul Ball, location: 2F 2-2: Strikes out swinging
|
|
Batting: LHB Mike Scioscia
|
0-0: Foul Ball, location: 2F 0-1: Swinging Strike 0-2: Ball 1-2: Ground out 1-3 (Groundball, 13, EV 71.9 MPH)
|
|
Batting: LHB Mike Hargrove
|
0-0: Called Strike 0-1: Ball 1-1: Fly out, F3 (Popup, 34S, EV 75.6 MPH)
|
| Bottom of the 8th over - 0 runs, 0 hits, 0 errors, 0 left on base; San Diego 2 - Atlanta 2 |
| TOP OF THE 9TH |
|
San Diego Padres batting - Pitching for Atlanta Braves : RHP Charlie Lea
|
|
Pinch Hitting: LHB Eric Attaway
|
0-0: Called Strike 0-1: Foul Ball, location: 2F 0-2: Foul Ball, location: 2F 0-2: Ground out U3 (Groundball, 3, EV 91.9 MPH)
|
|
Batting: RHB Bob Dernier
|
0-0: Ball 1-0: SINGLE (Line Drive, 9S, EV 105.6 MPH)
|
|
Batting: RHB Joel Youngblood
|
0-0: Called Strike Bob Dernier steals 2nd base (no throw) 0-1: Ground out 4-3 (Groundball, 4, EV 105.6 MPH) Bob Dernier to third
|
|
Batting: RHB Dennis Dungy
|
0-0: Intentional Walk
|
|
Batting: RHB Kelvin Moore
|
0-0: Fielders Choice at 2nd, 6-4 (Groundball, 6, EV 83.8 MPH)
|
| Top of the 9th over - 0 runs, 1 hit, 0 errors, 2 left on base; San Diego 2 - Atlanta 2 |
| BOTTOM OF THE 9TH |
|
Atlanta Braves batting - Pitching for San Diego Padres : LHP Danny Arizola
|
|
Pitching: LHP Bill Travers
|
|
|
Batting: SHB UL Washington
|
0-0: Swinging Strike 0-1: Ball 1-1: Foul Ball, location: 2F 1-2: Strikes out swinging
|
|
Pinch Hitting: LHB Bobby Murcer
|
0-0: Ball 1-0: Called Strike 1-1: SINGLE (Groundball, 4MD, EV 97.5 MPH)
|
|
Batting: RHB Gil Flores
|
0-0: Ground out 6-3 (Groundball, 6S, EV 71.3 MPH) Bobby Murcer to second
|
|
Batting: LHB Brett Butler
|
0-0: Ball 1-0: Foul Ball, location: 2F 1-1: Foul Ball, location: 2F 1-2: Ball 2-2: Ball 3-2: SINGLE (Line Drive, 89M, EV 107.5 MPH) Bobby Murcer to third Bobby Murcer scores
|
| Bottom of the 9th over - 1 run, 2 hits, 0 errors, 0 left on base; San Diego 2 - Atlanta 3 |
|